 Dungeon Crawl Stone Soup version 0.31-a0-1066-g35875b34c7 (webtiles) character file.

Game seed: 16151883349402027921

3519 Jannitor the Covert (level 9, -3/47 HPs)
             Began as a Vampire Delver on Nov 22, 2023.
             Was a Priest of Hepliaklqana.
             Slain by a yak (13 damage)
             ... on level 7 of the Dungeon.
             The game lasted 00:13:36 (7546 turns).

Jannitor the Covert (Vampire Delver)                Turns: 7546, Time: 00:13:36

Health: -3/47      AC:  5    Str: 11    XL:     9   Next: 81%
Magic:  14/14      EV: 14    Int: 17    God:    Hepliaklqana [***...]
Gold:   456        SH:  6    Dex: 21    Spells: 10/15 levels left

rFire   . . .        j - +0 rapier (elec)
rCold   + + .        l - +0 buckler
rNeg    + + +        b - +0 leather armour
rPois   ∞            D - +2 hat
rElec   .            (no cloak)
rCorr   .            (no gloves)
SInv    +            (no boots)
Will    +....        (no amulet)
Stlth   +++++++      p - ring of willpower
HPRegen 0.00/turn    a - +6 ring of dexterity
MPRegen 0.14/turn

%: no passive effects
@: bloodless, inhibited regen
A: reduced essence, bloodless, fangs 3, see invisible, vampiric 2
a: Bat Form, Revivify, Renounce Religion, Recall Ancestor, Ancestor Identity,
Transference


You were on level 7 of the Dungeon.
You worshipped Hepliaklqana.
Hepliaklqana was most pleased with you.
You visited 1 branch of the dungeon, and saw 8 of its levels.

You collected 456 gold pieces.

Inventory:

Hand Weapons
 i - a +2 dagger of venom
 j - a +0 rapier of electrocution (weapon)
Missiles
 A - a curare-tipped dart
Armour
 b - a +0 leather armour (worn)
 l - a +0 buckler (worn)
 D - a +2 hat (worn)
Jewellery
 a - a +6 ring of dexterity (right hand)
 p - a ring of willpower (left hand)
 s - a +6 ring of strength
Wands
 g - a wand of digging (9)
 x - a wand of charming (4)
 z - a wand of iceblast (1)
Scrolls
 c - 4 scrolls of fog
 e - a scroll of fear
 f - a scroll of amnesia
 k - a scroll of immolation
 m - a scroll of teleportation
 t - a scroll of torment {unknown}
 v - a scroll of poison {unknown}
 y - a scroll of enchant weapon {unknown}
 C - 4 scrolls of identify
Potions
 d - 2 potions of invisibility
 n - a potion of haste
 o - 3 potions of mutation
 q - 2 potions of attraction {unknown}
 r - a potion of might {unknown}
 w - 2 potions of curing {unknown}
 B - a potion of ambrosia {unknown}


   Skills:
 + Level 5.0 Fighting
 + Level 5.4 Short Blades
 + Level 1.2 Armour
 + Level 5.3 Dodging
 * Level 11.9 Stealth
 + Level 3.5 Shields
 + Level 3.5 Spellcasting
 + Level 5.3 Hexes
 + Level 4.2 Transmutations
 + Level 3.9 Earth Magic
 + Level 2.4 Invocations


You had 10 spell levels left.
You knew the following spells:

 Your Spells              Type           Power      Damage    Failure   Level
a - Passwall              Tmut/Erth      13%        N/A       9%          2
b - Sigil of Binding      Hex            21%        N/A       11%         3

Your spell library contained the following spells:

 Spells                   Type           Power      Damage    Failure   Level
 Sandblast                Erth           32%        2d9       6%          1
 Ensorcelled Hibernation  Hex/Ice        24%        N/A       16%         2
 Magic Dart               Conj           12%        1d3       30%         1
 Summon Guardian Golem    Hex/Summ       12%        N/A       30%         3
 Stone Arrow              Conj/Erth      18%        3d8       38%         3
 Leda's Liquefaction      Hex/Erth       9%         N/A       41%         4
 Searing Ray              Conj           6%         2d4       43%         2
 Call Canine Familiar     Summ           3%         N/A       67%         3
 Ozocubu's Armour         Ice            3%         N/A       67%         3
 Swiftness                Air            3%         N/A       67%         3
 Dimensional Bullseye     Hex/Tloc       6%         N/A       71%         4
 Fulminant Prism          Conj/Hex       6%         3d7       71%         4
 Brom's Barrelling Bould  Conj/Erth      9%         2d3       80%         4
 Metabolic Englaciation   Hex/Ice        6%         N/A       96%         5
 Simulacrum               Ice/Necr       1%         N/A       100%        6
 Orb of Destruction       Conj           1%         9d5       100%        7
 Spellforged Servitor     Conj/Summ      1%         N/A       100%        7


Dungeon Overview and Level Annotations

Branches:
Dungeon (8/15)             Temple (0/1) D:7
   Lair: D:8-11

Altars:
Hepliaklqana
Kikubaaqudgha
Okawaru
Qazlal

Shops:
D:1 =   D:6 :

Annotations:
D:7 2 transporters, ongoing's ghost, novice MfSh


Innate Abilities, Weirdness & Mutations

Your life essence is reduced to manifest your ancestor. (-10% HP)
You do not regenerate when monsters are visible.
You are frail without blood (-20% HP).
You can heal yourself when you bite living creatures.
You are immune to poison.
You have razor-sharp teeth.
You have supernaturally acute eyesight. (SInv)
You are afflicted with vampirism and can become a bat while bloodless.


Message History

The yak misses you. The bullfrog barely misses you. You block the yak's attack.
Unknown command.
You barely miss the yak.
The yak is lightly wounded.
The bullfrog hits you. The yak gores you but does no damage.
You hit the yak.
The yak is moderately wounded.
The bullfrog barely misses you.
Wieske hits the yak with a +0 dagger of draining.
Wieske drains the yak.
The yak gores you!
Wieske hits the yak but does no damage.
Wieske drains the yak.
You block the bullfrog's attack.
You hit the yak. Lightning courses through the yak!
The yak is almost dead.
Wieske points at the yak and mumbles some strange words.
The yak seems to slow down.
The yak gores you. The yak closely misses you. The bullfrog barely misses you.
Wieske hits the yak with a +0 dagger of draining.
The yak gores Wieske.
Wieske hits the yak with a +0 dagger of draining.
Wieske drains the yak.
The bullfrog barely misses you. The yak gores you!
Wieske barely misses the yak.
The yak gores Wieske!
The yak closely misses Wieske.
Wieske closely misses the yak.
You block the bullfrog's attack. The yak barely misses you.
There is a stone staircase leading up here.
Wieske casts a spell at the yak.
The yak resists with significant effort.
The yak gores Wieske.
The yak gores you!
* * * LOW HITPOINT WARNING * * *
You climb upwards.
Level annotation: 2 transporters, ongoing's ghost, novice MfSh
There is a stone staircase leading down here.
You feel much better. The bullfrog misses you. You block the bullfrog's attack.
You block the yak's attack. The bullfrog hits you. The yak gores you!
* * * LOW HITPOINT WARNING * * *
The bullfrog barely misses you. The yak attacks as it pursues you!
The yak gores you!
You die...

#### ##..#### ######...##≈≈ ####
#........#≈≈≈ ####### #..#
#####.######.##≈≈ ≈≈≈≈≈≈####.#
#>....## #.#### ≈≈≈≈≈≈≈ #.#
####Y.....## #.#.#
##########.###..@F...P.P####...#
............).......##.##......##
##########.....##..P#...#P####...
S≈≈≈≈≈≈ #########....>....###.##
≈≈≈≈≈≈## ##P#...#P.....# #######
####^#######.# #.# #####P.P###
##.## #.# #.......<.###.... #.#
#.####...........


You could see a yak and a bullfrog.

Vanquished Creatures
  A wyvern (D:7)
  A steam dragon (D:7)
  A water moccasin (D:7)
  An ice beast (D:5)
  A sky beast (D:6)
  2 phantoms
  A scorpion (D:6)
  3 wights (D:7)
  5 killer bees (D:7)
  4 electric eels (D:7)
  2 howler monkeys (D:7)
  7 hounds
  Jessica (D:2)
  2 iguanas (D:6)
  3 gnolls (D:6)
  8 adders
  A shadow imp (D:7)
  2 dart slugs (D:2)
  5 orcs
  2 ball pythons
  A bat zombie (D:6)
  2 endoplasms
  6 giant cockroaches
  6 goblins
  13 hobgoblins
  A quokka (D:3)
  3 bats
  2 frilled lizards
  5 kobolds
  7 rats
  2 rat zombies (D:6)
101 creatures vanquished.

Vanquished Creatures (collateral kills)
  Jeremiah (D:6)
  Grinder (D:4)
  A shadow (D:6)
  A yak (D:6)
  A wyvern (D:7)
  Edmund (D:5)
  An ogre (D:6)
  A centaur (D:6)
  A kobold brigand (D:6)
  5 bullfrogs
  A wight (D:7)
  An iguana (D:6)
  Terence (D:3)
  A gnoll (D:6)
  An adder (D:4)
  2 orcs (D:6)
  A bat zombie (D:6)
  2 hobgoblins (D:1)
  2 bats (D:1)
26 creatures vanquished.

Vanquished Creatures (others)
  3 hexers
3 creatures vanquished.

Grand Total: 130 creatures vanquished

Notes
Turn   | Place    | Note
-------+----------+-------------------------------------------
     0 | D:5      | Jannitor the Vampire Delver began the quest for the Orb.
     0 | D:5      | Reached XP level 1. HP: 17/17 MP: 1/1
    33 | D:5      | Noticed a phantom
    64 | D:5      | Noticed an ice beast
   184 | D:4      | Reached XP level 2. HP: 18/18 MP: 2/2
   366 | D:2      | Gained mutation: You are afflicted with vampirism and can
                  | become a bat while bloodless. [Vampire growth]
   366 | D:2      | Reached XP level 3. HP: 18/23 MP: 3/3
   567 | D:1      | Learned a level 2 spell: Passwall
   814 | D:1      | Found Kerrill's Jewellery Shoppe.
   837 | D:1      | Found a faded altar of an unknown god.
   855 | D:1      | Prayed at the altar of an unknown god.
   855 | D:1      | Became a worshipper of Hepliaklqana the Forgotten
   855 | D:1      | Reached * piety under Hepliaklqana
  1381 | D:2      | Reached XP level 4. HP: 24/24 MP: 4/4
  1532 | D:2      | Reached skill level 8 in Stealth
  1597 | D:2      | Noticed Jessica
  1604 | D:2      | Killed Jessica
  1844 | D:3      | Found an iron altar of Okawaru.
  1876 | D:3      | Reached XP level 5. HP: 28/28 MP: 5/5
  1917 | D:3      | Reached ** piety under Hepliaklqana
  1918 | D:3      | Remembered your ancestor Wieske as a hexer
  2020 | D:3      | Reached skill level 1 in Transmutations
  2432 | D:3      | Noticed Terence
  2441 | D:3      | Killed Terence
  2442 | D:3      | Reached skill level 1 in Shields
  2442 | D:3      | Reached skill level 1 in Earth Magic
  2766 | D:4      | Noticed Grinder
  2790 | D:4      | Paralysed by Grinder for 2 turns
  2791 | D:4      | Killed Grinder
  2792 | D:4      | Reached skill level 1 in Spellcasting
  2792 | D:4      | Reached XP level 6. HP: 32/32 MP: 7/7
  3130 | D:4      | Learned a level 3 spell: Sigil of Binding
  3348 | D:5      | Noticed Edmund
  3364 | D:5      | Killed Edmund
  3365 | D:5      | Reached skill level 9 in Stealth
  3365 | D:5      | Reached skill level 1 in Hexes
  3508 | D:5      | Killed an ice beast
  3509 | D:5      | Reached XP level 7. HP: 27/37 MP: 9/9
  3627 | D:5      | Found a stormy altar of Qazlal.
  4501 | D:6      | Reached XP level 8. HP: 35/42 MP: 11/11
  4607 | D:6      | Noticed Jeremiah
  4732 | D:6      | Reached skill level 10 in Stealth
  4858 | D:6      | Reached *** piety under Hepliaklqana
  4899 | D:6      | Found Inoij's Self-Published Books.
  5207 | D:6      | Reached skill level 1 in Invocations
  5373 | D:6      | Found an ancient bone altar of Kikubaaqudgha.
  5481 | D:6      | Killed Jeremiah
  5625 | D:6      | Reached XP level 9. HP: 27/46 MP: 13/13
  5845 | D:7      | Reached skill level 11 in Stealth
  5849 | D:7      | Found a staircase to the Ecumenical Temple.
  6148 | D:7      | HP: 1/46 [electric eel/bolt of electricity (10)]
  6150 | D:7      | Reached skill level 5 in Short Blades
  6405 | D:7      | Reached skill level 5 in Dodging
  6641 | D:7      | Reached skill level 5 in Hexes
  6678 | D:7      | Reached skill level 1 in Armour
  7004 | D:7      | Found a transporter.
  7030 | D:7      | Reached skill level 5 in Fighting
  7121 | D:7      | Found a transporter.
  7121 | D:7      | Noticed ongoing's ghost (novice MfSh)
  7546 | D:7      | Slain by a yak

Illustrated notes

Levels and vault maps discovered:
D:1:      dpeg_arrival_arbitrary_c, layout_basic, serial_shops,
          nicolae_shop_behind_doors, hellmonk_ecumenical_altar_arch_garden
D:2:      layout_basic, kennysheep_generic_room_3, uniq_jessica
D:3:      layout_basic, okawaru_trees_1, glass_columns_b, uniq_terence
D:4:      cheibrodos_quashed, layout_loops_cross, uniq_grinder
D:5:      layout_basic, lemuel_doored_altar, grunt_decor_resistance, uniq_edmund
D:6:      minmay_cornered_nines, layout_loops_ring,
          lemuel_zombie_altar_kikubaaqudgha, chequers_serial_rivers_large_b,
          nicolae_custom_books, uniq_jeremiah
D:7:      layout_loops_ring, minmay_temple_entry_gardened_gates,
          gammafunk_ghost_arena, serial_aquarium, aquarium_bridge_long_separate
          [aquarium_subvault_bridge, aquarium_subvault_balcony,
          aquarium_subvault_window, aquarium_subvault_window,
          aquarium_subvault_bridge, aquarium_subvault_balcony],
          aquarium_window_1, aquarium_window_corridor_3, aquarium_view_2f,
          chequers_big_river, serial_park_tiny_2
D:8:      layout_loops_cross, tgw_sif, serial_shops, nicolae_take_the_stairs,
          uniq_pikel, uniq_erica, uniq_maurice

Skill      XL: |  1  2  3  4  5  6  7  8  9 |
---------------+----------------------------+-----
Fighting       | 3 4 5 |  5.0
Short Blades   | 3 4 5 |  5.4
Stealth        | 8 9 10 11 | 11.9
Dodging        | 3 4 5 |  5.3
Transmutations | 1 2 3 4 |  4.2
Shields        | 1 2 3 |  3.5
Earth Magic    | 1 2 3 |  3.9
Spellcasting   | 1 2 3 |  3.5
Hexes          | 1 2 4 5 |  5.3
Invocations    | 1 2 |  2.4
Armour         | 1 |  1.2

Action                     |  1- 3 |  4- 6 |  7- 9 || total
---------------------------+-------+-------+-------++-------
  Melee: Short sword       |    87 |    93 |    92 ||   272
         Bite              |     7 |     9 |    23 ||    39
         Dagger            |       |       |    94 ||    94
         Rapier            |       |       |    36 ||    36
 Invoke: Ancestor Identity |     1 |       |       ||     1
         Ancestor Life: He |       |     1 |       ||     1
Ability: Exsanguinate      |     1 |       |       ||     1
  Evoke: Wand              |       |       |     7 ||     7
    Use: Scroll            |     1 |     1 |     6 ||     8
         Potion            |     1 |     2 |     4 ||     7
   Stab: Sleeping          |    18 |    11 |    11 ||    40
         Confused          |       |     1 |     6 ||     7
         Distracted        |       |     1 |     3 ||     4
 Armour: Leather armour    |    33 |    34 |   104 ||   171
  Dodge: Dodged            |    31 |    30 |   112 ||   173
  Block: Buckler           |     7 |    11 |    39 ||    57

Table legend: (Time is in decaauts)
 A = Elapsed time spent in this place.
 B = Non-inter-level travel time spent in this place.
 C = Inter-level travel time spent in this place.
 D = Time resting spent in this place.
 E = Time spent auto-exploring this place.
 F = Levels seen in this place.
 G = Mean time per level.
                   A        B        C        D        E       F      G
               +--------+--------+--------+--------+--------+-----+--------+
         Total |   7506 |   7183 |    323 |    558 |   5336 |   8 |  938.2 |
       Dungeon |   7506 |   7183 |    323 |    558 |   5336 |   8 |  938.2 |
               +--------+--------+--------+--------+--------+-----+--------+

Top non-repeatable levels by time:
     D:7: 1697 daAuts
     D:6: 1473 daAuts
     D:5: 1267 daAuts
     D:3: 864 daAuts
     D:1: 863 daAuts
     D:4: 688 daAuts
     D:2: 638 daAuts
     D:8: 13 daAuts
